 Dungeon Crawl Stone Soup version 0.21-a0-84-g85d6d27 (webtiles) character file.

5533 Lianjan the Carver (level 10, -3/77 HPs)
             Began as a Minotaur Berserker on July 4, 2017.
             Was a High Priest of Trog.
             Slain by a cyclops (27 damage)
             ... on level 9 of the Dungeon.
             The game lasted 00:20:45 (8364 turns).

Lianjan the Carver (Minotaur Berserker)             Turns: 8364, Time: 00:20:46

Health: -3/77      AC: 15    Str: 22    XL:     10   Next: 43%
Magic:  13/13      EV:  8    Int:  4    God:    Trog [*****.]
Gold:   550        SH:  0    Dex: 13    Spells: 9/9 levels left

rFire    + . .     SeeInvis .   p - +3 falchion (flame)
rCold    . . .     Gourm    .   (no shield)
rNeg     . . .     Faith    .   E - +0 plate armour
rPois    .         Spirit   .   (helmet restricted)
rElec    .         Reflect  .   q - +0 cloak
rCorr    .         Harm     .   (no gloves)
MR       ++...                  (no boots)
Stlth    ..........             (no amulet)
HPRegen  1.22/turn              y - ring of protection from fire
MPRegen  0.13/turn              (no ring)

@: berserk cooldown, regenerating, slowed, very slow
A: retaliatory headbutt, horns 2
a: Berserk, Trog's Hand, Brothers in Arms, Burn Spellbooks, Renounce Religion


You were on level 9 of the Dungeon.
You worshipped Trog.
Trog was extremely pleased with you.
You were near starving.

You visited 1 branch of the dungeon, and saw 9 of its levels.

You collected 550 gold pieces.

Inventory:

Hand Weapons
 h - a +3 antimagic falchion
 p - a +3 falchion of flaming (weapon)
Missiles
 t - 3 throwing nets (quivered)
Armour
 q - a +0 cloak (worn)
 z - a scarf of cloud immunity
 E - a +0 plate armour (worn)
Jewellery
 y - a ring of protection from fire (left hand)
Wands
 b - a wand of flame (11/48)
 u - a wand of polymorph (2/24)
 w - a wand of digging (24/24)
 A - a wand of random effects (21/48)
Scrolls
 d - 6 scrolls of teleportation
 e - 12 scrolls of identify
 j - 3 scrolls of enchant weapon
 m - 4 scrolls of remove curse
 v - 2 scrolls of immolation
Potions
 a - a potion of ambrosia
 g - 3 potions of heal wounds
 i - a potion of magic
 l - a potion of mutation
 o - 4 potions of curing
 r - a potion of agility
 s - 2 potions of berserk rage
 D - a potion of lignification
Comestibles
 c - 3 bread rations
 f - 2 royal jellies
 k - 5 meat rations
 C - 2 fruits


   Skills:
 - Level 3.6 Fighting
 - Level 14.0 Long Blades
 + Level 9.0 Armour
 - Level 2.1 Dodging
 + Level 6.4 Evocations


You had 9 spell levels left.
You didn't know any spells.

Dungeon Overview and Level Annotations

Branches:
Dungeon (9/15)             Temple (0/1) D:7             Orc (0/2) D:9
   Lair: D:8-11

Altars:
Dithmenos
Elyvilon
Fedhas
Kikubaaqudgha
Makhleb
Ru
Trog
Uskayaw
Wu Jian
Xom
Yredelemnul
Zin

Annotations:
D:7 1 runed door


Innate Abilities, Weirdness & Mutations

You reflexively headbutt those who attack you in melee.
You have a pair of horns on your head.


Message History

You slash the leopard gecko! You burn the leopard gecko.
You kill the leopard gecko!
Trog accepts your kill.
The sentinel's mark upon you fades away.
The cyclops throws a large rock.
The large rock hits you!!!
Things that are here:
a large rock; a leopard gecko corpse You feel a strong urge to attack something.
You are no longer berserk.
You are exhausted.
You feel yourself slow down.
The cyclops throws a large rock.
The large rock hits you!!
* * * LOW HITPOINT WARNING * * *
You see here a large rock.
You are too injured to fight recklessly!
You are too injured to fight recklessly!
You are too injured to fight recklessly!
You are too injured to fight recklessly!
The cyclops hits you!!
You die...

....# #.......#
....# #.......#
....# #.......#
....# #.......##
....####........##
............###..#
....####..#)# ##.#
###.# ####.# #C#
#.## ##.# #@#
#..#####..# #(#
##...#...#####.#
..####.#.####...(#
#.. #...# #..##)#
##. #######.###.#
#. #####...# #.#
## #####.### #.#
.#####...# #.#


You could see a cyclops.

Vanquished Creatures
  A tengu warrior (D:9)
  Maurice (D:8)
  A hippogriff (D:8)
  A hungry ghost (D:7)
  The ghost of tigertrap the Digger, an amateur DgWn (D:4)
  Edmund (D:6)
  An orc warrior (D:8)
  2 phantoms
  2 ice beasts
  A sky beast (D:5)
  2 ogres
  2 centaurs
  6 bullfrogs
  A gnoll sergeant (D:6)
  4 scorpions
  6 killer bees (D:9)
  6 howler monkeys
  8 crimson imps
  A jelly (D:7)
  A centaur skeleton (D:5)
  4 orc priests
  5 gnoll shamans (D:6)
  5 hounds
  Jessica (D:2)
  3 iguanas
  Ijyb (D:4)
  2 orc wizards (D:9)
  13 worker ants
  2 hound skeletons
  Robin (D:2)
  3 worker ant zombies
  6 adders
  43 gnolls
  3 shadow imps
  An ooze (D:5)
  An adder skeleton (D:6)
  3 dart slugs
  5 leopard geckos
  27 orcs
  2 bats (D:2)
  11 giant cockroaches
  24 goblins
  11 hobgoblins
  29 jackals
  4 quokkas
  2 frilled lizards (D:1)
  A giant cockroach zombie (D:6)
  8 kobolds
  2 quokka zombies
  8 rats
  2 plants
282 creatures vanquished.

Notes
Turn   | Place    | Note
-------+----------+-------------------------------------------
     0 | D:1      | Lianjan the Minotaur Berserker began the quest for the Orb.
     0 | D:1      | Reached XP level 1. HP: 19/19 MP: 0/0
    88 | D:1      | Reached skill level 4 in Long Blades
   197 | D:1      | Reached XP level 2. HP: 24/26 MP: 1/1
   875 | D:2      | Reached skill level 5 in Long Blades
   875 | D:2      | Reached XP level 3. HP: 27/31 MP: 2/2
   892 | D:2      | Noticed Jessica
   900 | D:2      | Killed Jessica
  1053 | D:2      | Found an ancient bone altar of Kikubaaqudgha.
  1053 | D:2      | Found a blossoming altar of Fedhas.
  1104 | D:2      | Reached ** piety under Trog
  1121 | D:2      | Noticed Robin
  1126 | D:2      | Reached XP level 4. HP: 31/39 MP: 3/3
  1132 | D:2      | Reached skill level 6 in Long Blades
  1135 | D:2      | Killed Robin
  1625 | D:3      | Found a bloodstained altar of Trog.
  1701 | D:3      | Reached skill level 7 in Long Blades
  1701 | D:3      | Reached XP level 5. HP: 26/45 MP: 4/4
  1893 | D:3      | Noticed an ogre
  1901 | D:3      | Killed an ogre
  1901 | D:3      | Reached *** piety under Trog
  1901 | D:3      | Reached skill level 8 in Long Blades
  2110 | D:3      | Found a glowing silver altar of Zin.
  2183 | D:4      | Reached XP level 6. HP: 50/51 MP: 5/5
  2285 | D:4      | Noticed tigertrap's ghost (amateur DgWn)
  2293 | D:4      | Killed tigertrap's ghost
  2293 | D:4      | Reached skill level 9 in Long Blades
  2372 | D:4      | Noticed Ijyb
  2399 | D:4      | Killed Ijyb
  2441 | D:4      | Reached XP level 7. HP: 35/57 MP: 6/6
  2756 | D:4      | Reached skill level 10 in Long Blades
  3056 | D:5      | Entered Level 5 of the Dungeon
  3140 | D:5      | Reached skill level 11 in Long Blades
  3146 | D:5      | Reached XP level 8. HP: 54/64 MP: 7/7
  3160 | D:5      | Reached **** piety under Trog
  3160 | D:5      | Reached skill level 12 in Long Blades
  3589 | D:5      | Found a sacrificial altar of Ru.
  3589 | D:5      | Found an ornate altar of the Wu Jian Council.
  3589 | D:5      | Found a shadowy altar of Dithmenos.
  3609 | D:5      | Found a shimmering altar of Xom.
  3730 | D:6      | Reached skill level 13 in Long Blades
  3739 | D:6      | Noticed Edmund
  3766 | D:6      | Killed Edmund
  4130 | D:6      | Reached XP level 9. HP: 58/70 MP: 8/8
  4145 | D:6      | Reached ***** piety under Trog
  4385 | D:6      | Reached skill level 14 in Long Blades
  4694 | D:6      | Reached skill level 1 in Evocations
  5305 | D:6      | Found a burning altar of Makhleb.
  5577 | D:7      | Found a staircase to the Ecumenical Temple.
  5619 | D:7      | Reached skill level 5 in Armour
  6113 | D:7      | Found a hide-covered altar of Uskayaw.
  6114 | D:7      | Noticed a hand axe
  6114 | D:7      | Noticed a dagger
  6179 | D:7      | Found a basalt altar of Yredelemnul.
  6270 | D:7      | Found a runed door.
  6276 | D:7      | Found a runed door.
  6622 | D:7      | Found a white marble altar of Elyvilon.
  7225 | D:8      | Reached skill level 5 in Evocations
  7225 | D:8      | Reached XP level 10. HP: 76/77 MP: 12/12
  7558 | D:8      | Noticed Maurice
  7812 | D:8      | Killed Maurice
  8052 | D:9      | Received a gift from Trog
  8059 | D:9      | Found a staircase to the Orcish Mines.
  8329 | D:9      | Noticed a tengu warrior
  8347 | D:9      | Killed a tengu warrior
  8353 | D:9      | Noticed a cyclops
  8364 | D:9      | Slain by a cyclops

Vault maps used:
D:1:      roderic_crop_circles_arrival_small
D:2:      grunt_temple_overflow_growth_and_decay, uniq_jessica, uniq_robin
D:3:      lemuel_crystal_altar, nicolae_overflow_hidden_temple,
          minmay_ogre_servants
D:4:      first_bread, serial_column_ruins, column_ruins_columns_straight,
          column_ruins_open_tiny, column_ruins_columns_corner,
          column_ruins_grid_1, column_ruins_open_tiny, uniq_ijyb
D:5:      kennysheep_mini, gammafunk_temple_overflow_forgotten
D:6:      lemuel_castle_with_subvaults, makhleb_grotto_becter, uniq_edmund
D:7:      lemuel_insect_pit, kennysheep_ying_yang, dancing_weapons_uskayaw,
          minmay_temple_entry_junction_2
D:8:      uniq_maurice
D:9:      orc_0_dummy, serial_co_window_serial, co_window_corner_a,
          co_window_paths_a, co_window_paths_b, co_window_corner_a,
          co_window_paths_a, co_window_unsneaky_path_d, co_window_corner_b,
          co_window_unsneaky_path_e, co_window_2corner, co_window_paths_d,
          co_window_sun, glass_columns_a, glass_columns_b, glass_columns_b,
          glass_columns_b, glass_columns_a, serial_shops,
          nicolae_shop_waterfront, minmay_bent

Skill      XL: |  1  2  3  4  5  6  7  8  9 10 |
---------------+-------------------------------+-----
Long Blades    | 4 5 7 8 9 11 13 14 | 14.0
Evocations     | 5 6 |  6.4
Armour         | 7 9 |  9.0
Fighting       | |  3.6
Dodging        | |  2.1

Action                   |  1- 3 |  4- 6 |  7- 9 | 10-12 || total
-------------------------+-------+-------+-------+-------++-------
Melee: Falchion          |    92 |    84 |   469 |   105 ||   750
       Headbutt          |    15 |    16 |   102 |    15 ||   148
       Unarmed           |       |    18 |       |       ||    18
Throw: Throwing net      |       |       |       |     1 ||     1
Invok: Berserk           |       |     2 |     2 |     2 ||     6
       Trog's Hand       |       |       |       |     1 ||     1
  Use: Scroll            |       |       |    12 |     4 ||    16
 Stab: Held in net/web   |       |       |       |     1 ||     1
  Eat: Chunk             |     1 |     5 |    20 |     4 ||    30
Armor: Animal skin       |    11 |       |       |       ||    11
       Ring mail         |     4 |    12 |       |       ||    16
       Chain mail        |       |    36 |   146 |       ||   182
       Skin              |       |     4 |       |       ||     4
       Plate armour      |       |       |    11 |    54 ||    65
Dodge: Dodged            |    41 |    42 |   167 |    33 ||   283
       Rpst.: Falchion   |    10 |     8 |    41 |     5 ||    64
